 Dungeon Crawl Stone Soup version 0.21-a0-508-gf08a75f (webtiles) character file.

443 Ijustatesigmund the Skirmisher (level 7, -1/52 HPs)
             Began as an Octopode Artificer on Nov 28, 2017.
             Slain by a mummy (2 damage)
             ... in an ossuary.
             The game lasted 00:07:58 (4053 turns).

Ijustatesigmund the Skirmisher (Octopode Artificer) Turns: 4053, Time: 00:07:59

Health: -1/52      AC:  1    Str: 11    XL:     7   Next: 2%
Magic:  9/9        EV: 13    Int: 13    God:
Gold:   189        SH:  0    Dex: 15    Spells: 6/6 levels left

rFire    . . .     SeeInvis .   a - +0 whip (freeze)
rCold    . . .     Gourm    .   (no shield)
rNeg     . . .     Faith    .   (helmet restricted)
rPois    .         Spirit   .   (no amulet)
rElec    .         Reflect  .   (no ring)
rCorr    .         Harm     .   (no ring)
MR       .....                  (no ring)
Stlth    +++.......             (no ring)
HPRegen  0.17/turn              (no ring)
MPRegen  0.11/turn              (no ring)
                                (no ring)
                                (no ring)

@: no status effects
A: almost no armour, stealthy swim, amphibious, 8 rings, constrict 8, camouflage
1, gelatinous body 1
a: no special abilities


You were in an ossuary.
You were not hungry.

You visited 1 branch of the dungeon, and saw 5 of its levels.
You also visited: Ossuary.

You collected 189 gold pieces.

Inventory:

Hand Weapons
 a - a +0 whip of freezing (weapon)
Wands
 b - a wand of flame (7)
 c - a wand of enslavement (11)
 d - a wand of random effects (15)
Scrolls
 j - a scroll of remove curse
 k - a scroll of teleportation
Comestibles
 f - a bread ration
 g - a royal jelly
 h - 4 meat rations


   Skills:
 + Level 6.2 Fighting
   Level 1.0 Short Blades
 + Level 3.1 Maces & Flails
 - Level 2.0 Dodging
 - Level 1.3 Stealth
 - Level 3.2 Evocations


You had 6 spell levels left.
You didn't know any spells.

Dungeon Overview and Level Annotations

Branches:
Dungeon (5/15)             Temple (0/1) D:5

Altars:
Ashenzari
Elyvilon
Kikubaaqudgha
Sif Muna
Vehumet
Xom


Innate Abilities, Weirdness & Mutations

You cannot wear most types of armour.
You are very stealthy in the water. (Stealth+)
You are amphibious.
You can wear up to eight rings at the same time.
You can use your tentacles to constrict eight enemies at once.
Your skin changes colour to match your surroundings (Stealth+).
Your rubbery body absorbs attacks. (AC +1, EV +1)


Message History

Aiming: Enslavement
Press: ? - help, Shift-Dir - straight line, f - mummy, p - gnoll zombie
Aim: a mummy (chance to defeat MR: 55%)
The mummy resists with significant effort.
You constrict the mummy.
Your gnoll zombie hits the mummy but does no damage.
Evoke which item? (* to show all) (? for menu, Esc to quit)
Aiming: Enslavement
Press: ? - help, Shift-Dir - straight line, f/p - mummy
Aim: a mummy (chance to defeat MR: 55%)
The mummy resists with significant effort.
You constrict the mummy.
The kobold zombie hits your gnoll zombie.
The mummy hits your gnoll zombie!!
Your gnoll zombie is destroyed!
The mummy hits you!!
* * * LOW HITPOINT WARNING * * *
It was a potion of magic.
Magic courses through your body.
You constrict the mummy. The mummy hits you.
You die...

....##....##..
..............
.............
...........
........#
ZZ....# #MM..#
#@Z..# #....#
#....# #....#
#....# #....#
#....# #.∩∩.#
######


You could see 2 mummies, a hobgoblin zombie, a gnoll zombie and a kobold zombie.

Vanquished Creatures
  An ice beast (D:5)
  A scorpion (D:5)
  2 crimson imps (D:5)
  A bullfrog skeleton (D:5)
  2 worker ants (D:5)
  A big kobold zombie (Ossuary)
  A hound skeleton (D:5)
  3 gnolls
  3 adders
  An ooze (D:2)
  3 worms
  A dart slug (D:1)
  4 leopard geckos
  6 bats
  2 giant cockroaches
  2 goblins
  4 hobgoblins (D:1)
  2 jackals (D:3)
  4 frilled lizards
  A hobgoblin zombie (Ossuary)
  A jackal skeleton (D:5)
  5 kobolds
  A kobold zombie (Ossuary)
  An orc zombie (Ossuary)
  5 rats
58 creatures vanquished.

Vanquished Creatures (collateral kills)
  A mummy (Ossuary)
1 creature vanquished.

Vanquished Creatures (others)
  A mummy (Ossuary)
  A gnoll zombie (Ossuary)
2 creatures vanquished.

Grand Total: 61 creatures vanquished

Notes
Turn   | Place    | Note
-------+----------+-------------------------------------------
     0 | D:1      | Ijustatesigmund the Octopode Artificer began the quest for the Orb.
     0 | D:1      | Reached XP level 1. HP: 13/13 MP: 3/3
   427 | D:1      | Reached skill level 2 in Fighting
   427 | D:1      | Reached XP level 2. HP: 19/19 MP: 4/4
  1220 | D:2      | Reached XP level 3. HP: 21/25 MP: 5/5
  1224 | D:2      | Reached skill level 3 in Fighting
  1465 | D:2      | Found a white marble altar of Elyvilon.
  1852 | D:2      | Reached XP level 4. HP: 6/33 MP: 6/6
  2189 | D:2      | Reached skill level 4 in Fighting
  2430 | D:2      | Found a shattered altar of Ashenzari.
  2860 | D:3      | Found an ancient bone altar of Kikubaaqudgha.
  3093 | D:3      | Found a deep blue altar of Sif Muna.
  3148 | D:3      | You fall through a shaft for 2 floors!
  3148 | D:5      | Entered Level 5 of the Dungeon
  3169 | D:5      | Reached XP level 5. HP: 35/38 MP: 7/7
  3245 | D:5      | Reached skill level 5 in Fighting
  3501 | D:5      | Reached skill level 1 in Maces & Flails
  3501 | D:5      | Reached XP level 6. HP: 38/45 MP: 8/8
  3532 | D:5      | Noticed an ice beast
  3543 | D:5      | HP: 2/45 [ice beast (11)]
  3544 | D:5      | Killed an ice beast
  3871 | D:5      | Found a staircase to the Ecumenical Temple.
  3898 | D:5      | Reached skill level 6 in Fighting
  3908 | D:4      | Found a shimmering altar of Xom.
  3994 | D:4      | Found a radiant altar of Vehumet.
  4002 | D:4      | Found a sand-covered staircase.
  4014 | Ossuary  | Entered an ossuary
  4046 | Ossuary  | Reached XP level 7. HP: 34/52 MP: 9/9
  4052 | Ossuary  | HP: 1/52 [mummy (20)]
  4053 | Ossuary  | Slain by a mummy

Vault maps used:
D:1:      lightli_arrival_windingriver
D:2:      old_standard_altar, ashenzari_altar_1, grunt_decor_cap
D:3:      trog_eyes_of_draining, overflow_temple_1_default, led_sif_pool,
          first_bread, kennysheep_decorative_pillar
D:4:      wad_woods_pond, nicolae_overflow_crystal_walls, xom_teletrap_fun,
          minitemple, lightli_ossuary_entry_decrepit_ruins,
          kennysheep_generic_room_2
D:5:      lemuel_upstairs_altar, tso_metal_star, nicolae_ru_path_of_blood,
          minmay_temple_entry_from_below_a, makhleb_altar_promises_db
Ossuary:  ossuary_tomb_3

Skill      XL: |  1  2  3  4  5  6 |
---------------+-------------------+-----
Fighting       | 2 3 4 5 6 |  6.2
Maces & Flails | 1 3 |  3.1
Short Blades   | |  1.0
Dodging        | |  2.0
Stealth        | |  1.3
Evocations     | |  3.2

Action                   |  1- 3 |  4- 6 |  7- 9 || total
-------------------------+-------+-------+-------++-------
Melee: Short sword       |    60 |    51 |       ||   111
       Constrict         |    15 |    23 |     2 ||    40
       Tentacles         |    13 |    20 |     1 ||    34
       Whip              |       |    38 |     3 ||    41
Evoke: Wand              |     1 |     8 |     3 ||    12
  Use: Scroll            |       |    11 |       ||    11
       Potion            |       |     4 |     1 ||     5
 Stab: Sleeping          |     6 |     4 |       ||    10
  Eat: Chunk             |     3 |     6 |       ||     9
       Fruit             |       |     1 |       ||     1
Armor: Skin              |     3 |     6 |       ||     9
Dodge: Dodged            |    34 |    74 |     1 ||   109

Table legend:
 A = Spawn XP
 B = Non-spawn XP
 C = Spawn XP percentage of total XP
 D = Spawn monster count
 E = Non-spawn monster count
 F = Spawn count percentage of total count
 G = Total turns spent on level
                    A         B        C        D         E        F      G
               +---------+---------+-------+---------+---------+-------+---------
         Total |       0 |     634 |   0.0 |       0 |      59 |   0.0 |  4053
               +---------+---------+-------+---------+---------+-------+---------
           D:1 |       0 |      47 |   0.0 |       0 |      18 |   0.0 |  1513
           D:2 |       0 |      80 |   0.0 |       0 |      14 |   0.0 |   954
           D:3 |       0 |      24 |   0.0 |       0 |      11 |   0.0 |   681
           D:4 |       0 |      14 |   0.0 |       0 |       1 |   0.0 |   106
           D:5 |       0 |     431 |   0.0 |       0 |      10 |   0.0 |   760
       Ossuary |       0 |      38 |   0.0 |       0 |       5 |   0.0 |    39
               +---------+---------+-------+---------+---------+-------+---------
